 Dungeon Crawl Stone Soup version 0.23.0-3-gf3c87f2df8 (webtiles) character file.

Game seed: 3096949870603016005

512 PentaManta the Ducker (level 7, 0/44 HPs)
             Began as a Kobold Monk on Feb 20, 2019.
             Slain by a slave (10 damage)
             ... led by Pikel
             ... on level 3 of the Dungeon.
             The game lasted 00:17:37 (4555 turns).

PentaManta the Ducker (Kobold Monk)                 Turns: 4555, Time: 00:17:37

Health: 0/44       AC:  4    Str: 10    XL:     7   Next: 43%
Magic:  7/7        EV: 20    Int: 11    God:
Gold:   153        SH:  0    Dex: 18    Spells: 6/6 levels left

rFire    . . .     SeeInvis +   l - +0 rapier
rCold    . . .     Gourm    .   (shield restricted)
rNeg     + . .     Faith    .   a - +2 robe {rN+}
rPois    .         Spirit   .   (no helmet)
rElec    .         Reflect  .   (no cloak)
rCorr    .         Harm     .   (no gloves)
MR       .....                  (no boots)
Stlth    ++........             (no amulet)
HPRegen  0.14/turn              m - ring of see invisible
MPRegen  0.10/turn              (no ring)

@: no status effects
A: small, carnivore
a: no special abilities


You were on level 3 of the Dungeon.
You were very full.

You visited 1 branch of the dungeon, and saw 4 of its levels.

You collected 153 gold pieces.

Inventory:

Hand Weapons
 l - a +0 rapier (weapon)
Armour
 a - a +2 robe of positive energy (worn)
 f - a +0 animal skin
Jewellery
 m - a ring of see invisible (left hand)
Scrolls
 b - a scroll of noise {unknown}
 g - a scroll of identify
 h - 2 scrolls of teleportation
Potions
 d - a potion of mutation
 e - a potion of haste
 i - 2 potions of brilliance
Comestibles
 c - 6 rations


   Skills:
 + Level 5.4 Fighting
 + Level 6.6 Short Blades
 * Level 6.8 Dodging
 - Level 2.6 Stealth


You had 6 spell levels left.
You didn't know any spells.
Your spell library was empty.

Dungeon Overview and Level Annotations

Branches:
Dungeon (4/15)
 Temple: D:4-7

Altars:


Innate Abilities, Weirdness & Mutations

You are small and have problems with some larger weapons.
You are carnivorous and can eat meat at any time.


Message History

The slave completely misses you.
You barely miss the slave.
The slave is severely wounded.
The slave closely misses you.
You hit the slave.
The slave is severely wounded.
The slave hits you.
* * * LOW HITPOINT WARNING * * *
You closely miss the slave.
The slave is severely wounded.
The slave misses you.
You hit the slave but do no damage.
The slave is severely wounded.
You hit the slave.
The slave is almost dead.
The slave misses you.
You closely miss the slave.
The slave is almost dead.
The slave hits you!
You die...

####...........#..#..............
.......####..............##.#..##
.......'.......................#
.......####..............##.#..#
.......# #.........#.#.###.#..##
.......# #...........#.# #......
.......# #..#....#.#.#.###'#..##
.......# #..##p.........(.......
#####'## #.....@.#...((.......##
#.######.....................
#............(............###
####........#.........#+#.#
#....###......#..#.#.#.###
#.....................<...
####..........#...........
#.###......#.##.###.### #.#
#......#.##.##.....


You could see a slave.

Vanquished Creatures
  Sigmund (D:3)
  A slave (D:3)
  Blork the orc (D:3)
  A water moccasin skeleton (D:3)
  An orc wizard (D:3)
  A worker ant (D:3)
  Terence (D:2)
  7 adders
  An ooze (D:2)
  2 worms (D:2)
  3 dart slugs
  4 leopard geckos
  4 orcs (D:3)
  3 giant cockroaches
  8 goblins
  11 hobgoblins
  8 jackals (D:1)
  A quokka (D:3)
  2 ball pythons
  7 bats
  4 frilled lizards
  8 kobolds
  6 rats
86 creatures vanquished.

Notes
Turn   | Place    | Note
-------+----------+-------------------------------------------
     0 | D:1      | PentaManta the Kobold Monk began the quest for the Orb.
     0 | D:1      | Reached XP level 1. HP: 14/14 MP: 1/1
    52 | D:1      | Reached XP level 2. HP: 19/19 MP: 2/2
   378 | D:1      | Reached XP level 3. HP: 24/24 MP: 3/3
  1022 | D:2      | Reached skill level 5 in Short Blades
  1057 | D:2      | Reached XP level 4. HP: 19/29 MP: 4/4
  1821 | D:2      | Reached XP level 5. HP: 34/34 MP: 5/5
  2337 | D:3      | Noticed Sigmund
  2517 | D:3      | Noticed Terence
  2763 | D:2      | Killed Terence
  2763 | D:2      | Reached skill level 5 in Dodging
  2978 | D:3      | Killed Sigmund
  2978 | D:3      | Reached skill level 5 in Fighting
  2978 | D:3      | Reached XP level 6. HP: 32/40 MP: 6/6
  3057 | D:3      | Reached XP level 7. HP: 38/44 MP: 7/7
  3906 | D:4      | Noticed Blork the orc
  3946 | D:3      | HP: 1/44 [Blork the orc/magic dart (8)]
  3951 | D:3      | Killed Blork the orc
  4555 | D:3      | Slain by a slave

Skill      XL: |  1  2  3  4  5 |
---------------+----------------+-----
Fighting       | 4 5 |  5.4
Short Blades   | 5 6 |  6.6
Dodging        | 4 6 |  6.8
Stealth        | |  2.6

Action                   |  1- 3 |  4- 6 |  7- 9 || total
-------------------------+-------+-------+-------++-------
Melee: Short sword       |   106 |   121 |       ||   227
       Dagger            |       |    29 |       ||    29
       Rapier            |       |    32 |   106 ||   138
  Use: Scroll            |     2 |     4 |     6 ||    12
       Potion            |       |     1 |     5 ||     6
 Stab: Sleeping          |    10 |     5 |     3 ||    18
       Invisible         |       |     4 |       ||     4
  Eat: Chunk             |     9 |     6 |     3 ||    18
Armor: Robe              |    14 |    13 |    12 ||    39
Dodge: Dodged            |    73 |   158 |    78 ||   309
